 Dungeon Crawl Stone Soup version 0.31.0-4-g52a2dc7128 (webtiles) character file.

Game seed: 667654985662176492

972 blundermoth the Covered (level 7, -4/62 HPs)
             Began as a Minotaur Fighter on Jan 22, 2024.
             Killed by divine providence
             ... invoked by an orc priest
              (12 damage)
             ... on level 5 of the Dungeon.
             The game lasted 00:27:13 (2028 turns).

blundermoth the Covered (Minotaur Fighter)          Turns: 2028, Time: 00:27:13

Health: -4/62      AC: 13    Str: 22    XL:     7   Next: 94%
Magic:  6/6        EV: 11    Int:  5    God:
Gold:   113        SH:  5    Dex: 10    Spells: 6/6 levels left

rFire   . . .        z - +2 flail (holy)
rCold   . . .        c - +0 buckler
rNeg    . . .        p - +0 plate armour
rPois   .            (helmet restricted)
rElec   .            (no cloak)
rCorr   .            (no gloves)
SInv    .            (no boots)
Will    .....        x - amulet of the acrobat Stlth
                     l - +5 ring of evasion
HPRegen 0.30/turn    (no ring)
MPRegen 0.10/turn

%: acrobat
@: no status effects
A: horns 2, retaliatory headbutt
a: no special abilities


You were on level 5 of the Dungeon.
You visited 1 branch of the dungeon, and saw 5 of its levels.

You collected 113 gold pieces.

Inventory:

Hand Weapons
 d - a +3 heavy flail
 m - a +0 whip
 q - a +0 war axe
 s - a +3 quarterstaff of chaos
 z - a +2 flail of holy wrath (weapon)
 A - a +2 flail of holy wrath
Missiles
 f - 19 stones (quivered)
 y - a throwing net
Armour
 c - a +0 buckler (worn)
 h - a +0 animal skin
 i - a +0 helmet
 p - a +0 plate armour (worn)
 t - a +2 cloak of stealth
Jewellery
 l - a +5 ring of evasion (left hand)
 x - an amulet of the acrobat (around neck)
Wands
 e - a wand of flame (16)
Scrolls
 a - a scroll of blinking {unknown}
 g - a scroll of vulnerability
 j - a scroll of amnesia
 o - a scroll of torment {unknown}
 v - a scroll of fog {unknown}
Potions
 b - a potion of haste {unknown}
 k - a potion of brilliance
 u - a potion of lignification {unknown}
 w - a potion of heal wounds {unknown}


   Skills:
 + Level 5.8 Fighting
 + Level 3.6 Long Blades
 + Level 1.6(3.8) Axes
 + Level 5.5(5.6) Maces & Flails
 + Level 7.0 Armour
 + Level 0.7 Dodging
 + Level 0.2 Stealth
 + Level 5.3 Shields
 + Level 0.2 Evocations


You had 6 spell levels left.
You didn't know any spells.
Your spell library was empty.

Dungeon Overview and Level Annotations

Branches:
Dungeon (5/15)
 Temple: D:4-7

Altars:

Shops:
D:5 [


Innate Abilities, Weirdness & Mutations

You have a pair of horns on your head.
You reflexively headbutt those who attack you in melee.


Message History

There are monsters nearby!
The gnoll closely misses you.
The orc wizard mumbles some strange words.
The orc wizard flickers and vanishes!
Deactivating autopickup; reactivate with Ctrl-A.
The gnoll bouda misses you.
Items here: ))) [ †.
You sock the gnoll!
The gnoll is almost dead.
The gnoll hits you but does no damage.
The orc priest calls down the wrath of Beogh upon you.
Beogh smites you!
The gnoll bouda hits you with a +0 club.
* * * LOW HITPOINT WARNING * * *
There are monsters nearby!
You block the gnoll's attack.
You barely miss the gnoll bouda.
Your attacks no longer feel as feeble.
The gnoll barely misses you.
The gnoll bouda calls upon its god to heal the gnoll.
The gnoll is healed somewhat.
You sock the gnoll bouda!
The gnoll bouda is heavily wounded.
You block the gnoll's attack. The gnoll barely misses you.
You closely miss the gnoll bouda. You headbutt the gnoll bouda.
The gnoll bouda is heavily wounded.
The gnoll hits you with a +0 flail.
* * * LOW HITPOINT WARNING * * *
The gnoll bouda hits you with a +0 club.
* * * LOW HITPOINT WARNING * * *
You block the gnoll's attack.
You hit the gnoll bouda.
The gnoll bouda is severely wounded.
The gnoll is no longer moving quickly. x2; The gnoll hits you with a +0 flail.
* * * LOW HITPOINT WARNING * * *
The gnoll bouda barks out a call to the hunt!
The gnolls pick up the pace!
The orc priest invokes the aid of Beogh against you.
Beogh smites you!
You die...

#..[.#.. ##.......
....?>..# #.....
#....#.# #....####
.....# #.......
.#####o{###.....#
......ogg##.....#
########g##.....#
#....@g#.....#
#..........#.#
######...†)..#
#########'###
#...........## #####
#............####....
#............[.......
#........)..####.....
#...........# ##....


You could see a gnoll bouda, an orc priest and 3 gnolls.

Vanquished Creatures
  2 wyverns (D:5)
  Edmund (D:5)
  An ice beast (D:5)
  2 ogres (D:5)
  A hound (D:5)
  A jelly (D:5)
  3 orc priests
  Crazy Yiuf (D:3)
  An orc wizard (D:5)
  Robin (D:2)
  A gnoll (D:5)
  3 adders
  A ribbon worm (D:2)
  9 orcs
  2 endoplasms (D:1)
  2 giant cockroaches
  8 goblins
  8 hobgoblins
  A quokka (D:5)
  A ball python (D:2)
  2 bats (D:1)
  2 frilled lizards
  2 rats (D:1)
56 creatures vanquished.

Notes
Turn   | Place    | Note
-------+----------+-------------------------------------------
     0 | D:1      | blundermoth the Minotaur Fighter began the quest for the
                  | Orb.
     0 | D:1      | Reached XP level 1. HP: 19/19 MP: 0/0
   117 | D:2      | Noticed Robin
   134 | D:2      | Reached XP level 2. HP: 21/27 MP: 1/1
   151 | D:2      | Killed Robin
   152 | D:2      | Reached XP level 3. HP: 6/33 MP: 2/2
   155 | D:2      | Reached skill level 4 in Armour
   468 | D:1      | Found a faded altar of an unknown god.
   704 | D:2      | Reached XP level 4. HP: 19/41 MP: 3/3
  1129 | D:3      | Found a runed translucent door.
  1130 | D:3      | Noticed Crazy Yiuf
  1141 | D:3      | Killed Crazy Yiuf
  1380 | D:5      | Entered Level 5 of the Dungeon
  1380 | D:5      | Noticed an ogre
  1383 | D:5      | Killed an ogre
  1384 | D:5      | Reached skill level 5 in Fighting
  1384 | D:5      | Reached XP level 5. HP: 25/48 MP: 4/4
  1458 | D:5      | Reached skill level 5 in Armour
  1520 | D:5      | Noticed a wyvern
  1532 | D:5      | Killed a wyvern
  1533 | D:5      | Reached skill level 5 in Shields
  1533 | D:5      | Reached XP level 6. HP: 16/56 MP: 5/5
  1677 | D:5      | Noticed an ice beast
  1682 | D:5      | Killed an ice beast
  1683 | D:5      | Reached skill level 1 in Axes
  1709 | D:5      | Found Uxiotej's Armour Shoppe.
  1744 | D:5      | Reached XP level 7. HP: 24/61 MP: 6/6
  1780 | D:5      | Noticed Edmund
  1791 | D:5      | Killed Edmund
  1792 | D:5      | Reached skill level 5 in Maces & Flails
  1792 | D:5      | Reached skill level 6 in Armour
  1999 | D:5      | Noticed a wyvern
  2005 | D:5      | Killed a wyvern
  2006 | D:5      | Reached skill level 7 in Armour
  2028 | D:5      | Killed from afar by an orc priest

Illustrated notes

Levels and vault maps discovered:
D:1:      sevenhm_arrival_forest_fort_large_3, layout_rooms,
          dreamdust_ecumenical_altar_hidden_monk_grotto
D:2:      layout_basic, uniq_robin
D:3:      layout_loops_corners, serial_bayou_ford_a, kennysheep_generic_room_10,
          uniq_crazy_yiuf_cottage
D:4:      cheibrodos_pilgrimage, layout_rooms, minmay_temple_entry_offerings,
          ebering_ghost_sewer_d, bh_walls_and_bars, uniq_eustachio
D:5:      layout_basic, serial_shops, shop, uniq_prince_ribbit1, uniq_edmund

Skill      XL: |  1  2  3  4  5  6  7 |
---------------+----------------------+-----
Fighting       | 4 5 |  5.8
Shields        | 4 5 |  5.3
Armour         | 4 5 7 |  7.0
Maces & Flails | 3 4 5 |  5.5
Long Blades    | 2 3 |  3.6
Axes           | 1 |  1.6
Dodging        | |  0.7
Stealth        | |  0.2
Evocations     | |  0.2

Action                     |  1- 3 |  4- 6 |  7- 9 || total
---------------------------+-------+-------+-------++-------
  Melee: Flail             |    57 |       |    28 ||    85
         Headbutt          |    10 |     8 |     8 ||    26
         Whip              |    16 |       |       ||    16
         Falchion          |       |    29 |     9 ||    38
         War axe           |       |     7 |       ||     7
  Evoke: Wand              |       |     2 |       ||     2
    Use: Scroll            |     2 |     1 |       ||     3
         Potion            |       |       |     1 ||     1
 Armour: Scale mail        |    43 |       |       ||    43
         Plate armour      |     4 |    27 |    20 ||    51
  Dodge: Dodged            |    45 |    28 |    16 ||    89
  Block: Buckler           |    11 |    18 |    14 ||    43
